 Dungeon Crawl Stone Soup version bcrawl-1.12-5-g74a5124548 (webtiles) character file.

Game seed: 7116078305915525603

170 BorisKarlOrff the Covert (level 5, 0/33 HPs)
             Began as a Dusk Walker Rogue on May 31, 2019.
             Slain by a leopard gecko (5 damage)
             ... on level 3 of the Dungeon.
             The game lasted 00:06:09 (2008 turns).

BorisKarlOrff the Covert (Dusk Walker Rogue)        Turns: 2008, Time: 00:06:09

Health: 0/33       AC:  3    Str: 12    XL:     5   Next: 25%
Magic:  15/15      EV: 11    Int: 12    God:
Gold:   165        SH:  0    Dex: 14    Spells: 4/4 levels left

rFire    + . .     SeeInvis .   a - +2 dagger
rCold    x . .     Gourm    .   (no shield)
rNeg     . . .     Faith    .   c - +0 robe
rPois    .         Spirit   .   (no helmet)
rElec    .         Reflect  .   d - +0 cloak
rCorr    .         Harm     .   (no gloves)
MR       .....                  (no boots)
Stlth    +++++.....             (no amulet)
HPRegen  0.11/turn              l - ring of magical power
MPRegen  0.14/turn              m - ring of fire

@: no status effects
A: draining touch, unencumbered stealth, fangs 2, nightstalker 1
a: no special abilities


You were on level 3 of the Dungeon.
You were not hungry.

You visited 1 branch of the dungeon, and saw 3 of its levels.

You collected 165 gold pieces.

Inventory:

Hand Weapons
 a - a +2 dagger (weapon)
 b - a +0 blowgun
Missiles
 e - 190 poisoned needles
Armour
 c - a +0 robe (worn)
 d - a +0 cloak (worn)
Jewellery
 l - a ring of magical power (left hand)
 m - a ring of fire (right hand)
Wands
 f - a wand of flame (15)
 g - a wand of enslavement (15)
 h - a wand of paralysis (10)
Scrolls
 i - 5 scrolls of remove curse
 n - 2 scrolls of identify
 p - a scroll of teleportation
Potions
 j - 2 potions of might
 o - 2 potions of haste
Comestibles
 k - 4 rations {!d}


   Skills:
 + Level 1.2 Fighting
 + Level 3.4 Short Blades
 + Level 1.9 Throwing
 + Level 0.5 Dodging
 + Level 9.0 Stealth
 + Level 2.2 Evocations


You had 4 spell levels left.
You didn't know any spells.
Your spell library was empty.

Dungeon Overview and Level Annotations

Branches:
Dungeon (3/12)

Altars:


Innate Abilities, Weirdness & Mutations

Your attacks drain your enemies.
You move stealthily even while encumbered by armour.
You have extremely sharp teeth.
You are slightly more attuned to the shadows.


Message History

The kobold is severely wounded.
A leopard gecko comes into view.
The kobold hits you but does no damage.
The leopard gecko hisses angrily.
You kill the kobold!
Things that are here:
a +0 blowgun; 272 poisoned needles You barely miss the leopard gecko.
Your bite misses the leopard gecko. The leopard gecko bites you.
* * * LOW HITPOINT WARNING * * *
You barely miss the leopard gecko. The leopard gecko bites you.
* * * LOW HITPOINT WARNING * * *
You miss the leopard gecko. The leopard gecko closely misses you.
You closely miss the leopard gecko. The leopard gecko barely misses you.
You barely miss the leopard gecko.
The leopard gecko bites you but does no damage.
You hit the leopard gecko.
The leopard gecko is heavily wounded.
The leopard gecko bites you.
You die...

#.#####.#
#.# #.# #.#
#.# .#.#
#.# #.#
.#.# #.#
#.# ## ...
#.# ..###.
.. #.# ...
.# #=#
##.####.#
#.#
#...)l@.#
#.#
#...#####
#.# ##..#
#.# #..#
#.# #..####
#(# #.....#
#.# #.###.#
#.#
#(....#####
#.#
#####.....#


You could see a leopard gecko.

Vanquished Creatures
  A scorpion (D:3)
  Jessica (D:2)
  2 adders
  4 worms
  3 dart slugs (D:1)
  4 leopard geckos
  5 orcs
  2 giant cockroaches
  5 goblins
  5 hobgoblins
  2 jackals (D:2)
  A quokka (D:2)
  A ball python (D:1)
  5 bats
  2 frilled lizards (D:2)
  5 kobolds
  7 rats
55 creatures vanquished.

Notes
Turn   | Place    | Note
-------+----------+-------------------------------------------
     0 | D:1      | BorisKarlOrff the Dusk Walker Rogue began the quest for the
                  | Orb.
     0 | D:1      | Reached XP level 1. HP: 11/11 MP: 2/2
    37 | D:1      | Reached skill level 7 in Stealth
    37 | D:1      | Reached XP level 2. HP: 10/17 MP: 3/3
   629 | D:1      | Reached XP level 3. HP: 21/21 MP: 4/4
   926 | D:2      | Noticed Jessica
   932 | D:2      | Paralysed by Jessica for 4 turns
   942 | D:2      | Killed Jessica
   942 | D:2      | Reached skill level 8 in Stealth
   962 | D:2      | Gained mutation: You are slightly more attuned to the
                  | shadows. [Dusk Walker growth]
   962 | D:2      | Reached XP level 4. HP: 6/27 MP: 5/5
  1870 | D:3      | Reached skill level 1 in Fighting
  1870 | D:3      | Reached skill level 9 in Stealth
  1870 | D:3      | Reached XP level 5. HP: 25/33 MP: 6/6
  2008 | D:3      | Slain by a leopard gecko

Skill      XL: |  1  2  3  4 |
---------------+-------------+-----
Stealth        | 7 8 9 |  9.0
Short Blades   | 3 |  3.4
Fighting       | 1 |  1.2
Throwing       | |  1.9
Dodging        | |  0.5
Evocations     | |  2.2

Action                   |  1- 3 |  4- 6 || total
-------------------------+-------+-------++-------
Melee: Dagger            |    61 |    81 ||   142
       Bite              |     5 |     8 ||    13
 Fire: Blowgun           |     4 |    12 ||    16
  Use: Potion            |     2 |       ||     2
       Scroll            |       |     4 ||     4
 Stab: Sleeping          |    13 |     6 ||    19
       Distracted        |       |     1 ||     1
  Eat: Ration            |       |     1 ||     1
Armor: Robe              |    10 |    15 ||    25
       Skin              |    10 |     3 ||    13
Dodge: Dodged            |    20 |    26 ||    46
